 Dungeon Crawl Stone Soup version 0.24.0-1-gfbc8707 (webtiles) character file.

Game seed: 735914793614470510, levelgen mode: deterministic

40796 Fang the Warrior (level 14, -3/98 HPs)
             Began as a Gargoyle Berserker on Nov 4, 2019.
             Was the Champion of Trog.
             Splashed by an oklob plant's acid (13 damage)
             ... on level 5 of the Lair of Beasts.
             The game lasted 00:21:33 (14760 turns).

Fang the Warrior (Gargoyle Berserker)              Turns: 14760, Time: 00:21:34

Health: -3/98      AC: 19    Str: 31    XL:     14   Next: 12%
Magic:  0/23       EV: 12    Int:  6    God:    Trog [******]
Gold:   572        SH:  0    Dex: 12    Spells: 13/13 levels left

rFire    + . .     SeeInvis +   g - +9 executioner's axe "Ocullib" {pain, rC+ Str+2}
rCold    + . .     Gourm    .   (shield currently unavailable)
rNeg     + . .     Faith    .   I - +5 plate armour of Woisul {Regen+ Str+4 Int-3}
rPois    ∞         Spirit   +   (no helmet)
rElec    +         Reflect  .   (no cloak)
rCorr    .         Harm     .   G - +2 pair of gloves {Dex+3}
MR       ++++.                  E - +0 pair of boots of Hof Xasumili {rF+}
Stlth    ..........             m - amulet of guardian spirit
HPRegen  1.66/turn              F - ring "Titzomo" {+Inv +Fly MP+9 SInv}
MPRegen  0.18/turn              O - ring of protection from magic

@: corroded, berserk cooldown, flying, regenerating, slowed, very slow
A: big wings, negative energy resistance 1, electricity resistance, unbreathing,
petrification resistance, rot immunity, AC +10
a: Stop Flying, Berserk, Trog's Hand, Brothers in Arms, Renounce Religion, Evoke
Invisibility


You were on level 5 of the Lair of Beasts.
You worshipped Trog.
Trog was exalted by your worship.
You were very hungry.

You visited 3 branches of the dungeon, and saw 17 of its levels.
You also visited: Sewer, Ossuary and Gauntlet.

You collected 827 gold pieces.
You spent 255 gold pieces at shops.

Inventory:

Hand Weapons
 a - a +1 war axe
 g - the +9 executioner's axe "Ocullib" (weapon) {pain, rC+ Str+2}
   (You bought it in a shop on level 9 of the Dungeon)

   In the hands of one skilled in necromantic magic, it inflicts extra damage on
   living creatures.
   It affects your strength (+2).
   It protects you from cold.
 p - a +0 war axe of electrocution
 M - a +1 battleaxe of freezing
Armour
 b - a +1 plate armour
 E - the +0 pair of boots of Hof Xasumili (worn) {rF+}
   (You found it in a Gauntlet)

   It protects you from fire.
 G - a +2 pair of gloves of dexterity (worn)
 I - the +5 plate armour of Woisul (worn) {Regen+ Str+4 Int-3}
   (You took it off a minotaur in a Gauntlet)

   It affects your strength (+4).
   It affects your intelligence (-3).
   It increases your rate of regeneration.
Jewellery
 m - an amulet of guardian spirit (around neck)
 C - an uncursed ring of ice {unknown}
 F - the ring "Titzomo" (left hand) {+Inv +Fly MP+9 SInv}
   (You found it in a Gauntlet)

   [ring of flight]

   It affects your magic capacity (+9).
   It lets you see invisible.
   It lets you turn invisible.
   It lets you fly.
 H - an uncursed amulet of regeneration
 O - a ring of protection from magic (right hand)
 S - a +3 ring of intelligence
Wands
 k - a wand of iceblast (6)
 u - a wand of enslavement (7)
 w - a wand of polymorph (10)
 y - a wand of digging (5)
 J - a wand of acid (13)
 L - a wand of flame (11)
 N - a wand of random effects (18)
 Q - a wand of disintegration (15)
Scrolls
 d - 2 scrolls of magic mapping
 r - 5 scrolls of remove curse
 s - 10 scrolls of teleportation
 x - 2 scrolls of fog
 P - 4 scrolls of identify
Potions
 e - 4 potions of mutation
 f - 2 potions of magic
 h - 3 potions of resistance
 i - 4 potions of agility
 j - 6 potions of might
 l - 3 potions of brilliance
 n - 7 potions of flight
 q - 3 potions of cancellation
 t - 3 potions of heal wounds
 v - 8 potions of curing
 z - 2 potions of haste
 A - a potion of invisibility
 B - 3 potions of berserk rage
 D - a potion of ambrosia
 K - 2 potions of lignification
Comestibles
 c - 33 rations
 o - 5 chunks of flesh


   Skills:
 * Level 15.1 Fighting
 * Level 13.0 Axes
 + Level 11.0 Armour
 + Level 8.6 Dodging


You had 13 spell levels left.
You didn't know any spells.
Your spell library was empty.

Dungeon Overview and Level Annotations

Branches:
Dungeon (11/15)            Temple (1/1) D:7            Lair (5/6) D:9
  Swamp (0/4) Lair:4        Snake (0/4) Lair:3        Slime (0/5) Lair:5
    Orc (0/2) D:11          Sewer (visited)         Ossuary (visited)
Gauntlet (visited)

Altars:
Fedhas
Nemelex Xobeh
Okawaru
Ru
Yredelemnul
Jiyva

Shops:
D:9 =}(}[   D:11 (

Portals:
Trove: D:10 (show slimy rune of Zot)

Annotations:
Lair:5 exclusion: oklob plant


Innate Abilities, Weirdness & Mutations

You are resistant to torment.
Your stone body is resilient. (AC +10)
You are immune to poison.
Your large and strong wings let you fly indefinitely.
You resist negative energy. (rN+)
You are resistant to electric shocks. (rElec)
You can survive without breathing.
You are immune to petrification.
You are immune to rotting.


Message History

You hit the oklob plant.
The oklob plant is moderately damaged.
You completely miss the oklob plant.
The oklob plant is moderately damaged.
You hit the oklob plant.
The oklob plant is moderately damaged.
The oklob plant spits acid at you. The splash of acid hits you.
The acid corrodes you!
You are splashed with acid!
* * * LOW HITPOINT WARNING * * *
The oklob plant spits acid at you.
The splash of acid hits you but does no damage.
You are splashed with acid!
* * * LOW HITPOINT WARNING * * *
You slash the oklob plant!
The oklob plant is heavily damaged.
The oklob plant spits acid at you. The splash of acid hits you!
* * * LOW HITPOINT WARNING * * *
You are splashed with acid!
You die...

......... ..#..#..
.....##>......
#...###.......
#............
............#######
............P?....#
.[.8.........($?P.#
.......+...$..$.@$#
.#..#..#../†.$...$#
#.....#....$.?.|.?#
##.##.##....#######
...#####....# ..P#
#.....#
...####P.....#
....P..P.....#
..P...........#


You could see an oklob plant.

Vanquished Creatures
  A minotaur (Gauntlet)
  A green death (Gauntlet)
  A ghost crab (Gauntlet)
  2 hydras
  A catoblepas (Lair:5)
  Erica (Lair:2)
  3 two-headed ogres
  10 death yaks
  An unseen horror (D:10)
  A deep elf mage (D:10)
  3 oklob plants (Lair:5)
  A cyclops (D:11)
  An elephant (D:9)
  3 black mambas
  8 spiny frogs
  2 orange demons (Gauntlet)
  3 rime drakes
  6 komodo dragons
  2 guardian mummies (D:10)
  5 trolls
  3 polar bears
  A slime creature (D:10)
  8 blink frogs
  9 hippogriffs
  A yak (Lair:3)
  3 basilisks
  A wyvern (Lair:4)
  A hungry ghost (D:10)
  4 nagas
  7 water moccasins
  7 porcupines
  4 orc warriors
  4 ice beasts
  3 black bears
  5 sky beasts
  5 ogres
  4 boggarts (Lair:5)
  A phantom (D:9)
  8 centaurs
  3 big kobolds
  14 crocodiles
  An elf zombie (Ossuary)
  Blork the orc (D:6)
  9 bullfrogs
  A scorpion (D:11)
  9 wights
  2 howler monkeys (D:8)
  A quasit (D:9)
  6 crimson imps
  4 centaur zombies
  4 hounds
  12 jellies
  A centaur skeleton (D:4)
  A gnoll shaman (D:4)
  2 human zombies (Ossuary)
  6 orc priests
  4 iguanas
  12 orc wizards
  3 worker ants
  2 hound zombies (Ossuary)
  3 hound skeletons
  A worker ant zombie (D:11)
  3 mummies (Ossuary)
  11 gnolls
  9 adders
  A shadow imp (D:7)
  12 oozes
  4 adder zombies
  An adder skeleton (D:8)
  2 worms (D:2)
  2 dart slugs
  5 leopard geckos
  43 orcs
  9 giant cockroaches
  2 gnoll zombies (Ossuary)
  2 goblins
  6 hobgoblins
  4 jackals
  3 quokkas
  A ball python (D:1)
  6 bats
  3 frilled lizards (D:1)
  4 goblin zombies (Ossuary)
  6 hobgoblin zombies (Ossuary)
  4 jackal zombies (Ossuary)
  18 kobolds
  3 kobold zombies (Ossuary)
  2 orc zombies (Ossuary)
  2 quokka skeletons
  5 quokka zombies
  7 rats
  2 rat zombies (Ossuary)
  2 fungi
  4 plants
425 creatures vanquished.

Vanquished Creatures (others)
  4 fungi (D:10)
  7 plants
11 creatures vanquished.

Grand Total: 436 creatures vanquished

Notes
Turn   | Place    | Note
-------+----------+-------------------------------------------
     0 | D:1      | Fang the Gargoyle Berserker began the quest for the Orb.
     0 | D:1      | Reached XP level 1. HP: 14/14 MP: 1/1
   253 | D:1      | Reached XP level 2. HP: 16/19 MP: 2/2
   658 | D:1      | Reached ** piety under Trog
   748 | D:2      | Reached XP level 3. HP: 15/24 MP: 3/3
   999 | D:2      | Reached skill level 4 in Fighting
  1244 | D:2      | Reached XP level 4. HP: 29/29 MP: 4/4
  2082 | D:3      | Found a glowing drain.
  2124 | Sewer    | Entered a sewer
  2173 | Sewer    | Noticed a crocodile
  2180 | Sewer    | Killed a crocodile
  2180 | Sewer    | Reached XP level 5. HP: 34/34 MP: 5/5
  2741 | D:4      | Reached skill level 5 in Fighting
  2741 | D:4      | Reached XP level 6. HP: 36/40 MP: 6/6
  2747 | D:4      | Reached *** piety under Trog
  3347 | D:4      | Reached XP level 7. HP: 35/44 MP: 7/7
  3439 | D:4      | You fall into a shaft and drop 2 floors!
  3669 | D:6      | Found a blossoming altar of Fedhas.
  3781 | D:6      | Noticed Blork the orc
  3804 | D:6      | Killed Blork the orc
  3804 | D:6      | Reached skill level 6 in Fighting
  3913 | D:6      | Reached skill level 5 in Axes
  4039 | D:5      | Entered Level 5 of the Dungeon
  4176 | D:5      | Identified the cursed +1 dagger "Jokk" {drain, Int+3 Dex+6}
  4950 | D:4      | Reached **** piety under Trog
  5288 | D:7      | Noticed a hippogriff
  5306 | D:7      | Killed a hippogriff
  5306 | D:7      | Reached XP level 8. HP: 22/52 MP: 4/8
  5385 | D:7      | Noticed a hippogriff
  5395 | D:7      | Reached skill level 7 in Fighting
  5396 | D:7      | Killed a hippogriff
  5396 | D:7      | Reached skill level 5 in Armour
  5528 | D:7      | Found a sand-covered staircase.
  5562 | D:7      | Reached XP level 9. HP: 59/59 MP: 9/9
  5588 | Ossuary  | Entered an ossuary
  5637 | Ossuary  | Reached skill level 8 in Fighting
  5906 | D:7      | Found a sparkling altar of Nemelex Xobeh.
  6616 | D:7      | Found a staircase to the Ecumenical Temple.
  6814 | Temple   | Entered the Ecumenical Temple
  7017 | D:8      | Reached skill level 9 in Fighting
  7055 | D:8      | Reached ***** piety under Trog
  7084 | D:8      | Reached skill level 11 in Fighting
  7084 | D:8      | Reached skill level 5 in Dodging
  7084 | D:8      | Reached XP level 10. HP: 69/69 MP: 10/10
  7917 | D:9      | Found Jywn's Antique Armour Boutique.
  7917 | D:9      | Noticed a two-headed ogre
  7923 | D:9      | Killed a two-headed ogre
  7923 | D:9      | Reached XP level 11. HP: 74/74 MP: 9/11
  8138 | D:9      | Found Deutzyzi's Jewellery Shop.
  8269 | D:9      | Found Mamai's Gadget Shoppe.
  8304 | D:9      | Found Otustridu's Gadget Emporium.
  8353 | D:9      | Found a staircase to the Lair.
  8369 | D:9      | Reached skill level 10 in Axes
  8572 | D:9      | Found Takk's Antique Weapon Emporium.
  8677 | D:9      | Bought a jewelled executioner's axe for 255 gold pieces
  8677 | D:9      | Identified the +9 executioner's axe "Ocullib" {pain, rC+
                  | Str+2} (You bought it in a shop on level 9 of the Dungeon)
  8841 | D:10     | Entered Level 10 of the Dungeon
  8841 | D:10     | Noticed a deep elf mage
  8851 | D:10     | Killed a deep elf mage
  8929 | D:10     | Found a portal to a secret trove of treasure.
  8939 | D:10     | Reached skill level 12 in Fighting
  9086 | D:10     | Killed an unseen horror
  9272 | D:10     | Noticed a two-headed ogre
  9278 | D:10     | Killed a two-headed ogre
  9392 | D:10     | Received a gift from Trog
  9673 | D:11     | Found a staircase to the Orcish Mines.
  9765 | D:11     | Reached XP level 12. HP: 62/82 MP: 9/12
  9908 | D:11     | Found a gate leading to a gauntlet.
  9914 | Gauntlet | Entered a Gauntlet
  9914 | Gauntlet | Found a transporter.
  9962 | Gauntlet | Found a transporter.
  9965 | Gauntlet | Found a transporter.
  9965 | Gauntlet | Noticed a catoblepas
  9965 | Gauntlet | Noticed a green death
  9967 | Gauntlet | Found a transporter.
  9970 | Gauntlet | Found a transporter.
  9971 | Gauntlet | Found a transporter.
  9979 | Gauntlet | Found a transporter.
  9979 | Gauntlet | Noticed a wretched star
  9992 | Gauntlet | Found a transporter.
  9992 | Gauntlet | Noticed a ghost crab
 10048 | Gauntlet | Killed a green death
 10096 | Gauntlet | Got a pair of smoking boots
 10102 | Gauntlet | Identified the cursed +0 pair of boots of Hof Xasumili
                  | {rF+} (You found it in a Gauntlet)
 10119 | Gauntlet | Killed a ghost crab
 10119 | Gauntlet | Reached skill level 13 in Fighting
 10222 | Gauntlet | Got a brightly glowing ivory ring
 10331 | Gauntlet | Identified the +8 arbalest "Zucvoq" {freeze, MR+ Int+3}
 10331 | Gauntlet | Identified the +5 plate armour of Woisul {Regen+ Str+4
                  | Int-3}
 10331 | Gauntlet | Noticed a minotaur
 10345 | Gauntlet | Killed a minotaur
 10456 | D:11     | Identified the ring "Titzomo" {+Inv +Fly MP+9 SInv} (You
                  | found it in a Gauntlet)
 10533 | D:11     | Found Mitro's Weapon Shoppe.
 10736 | D:11     | Noticed a two-headed ogre
 10739 | D:11     | Killed a two-headed ogre
 10968 | Lair:1   | Entered Level 1 of the Lair of Beasts
 10996 | Lair:1   | Received a gift from Trog
 11274 | Lair:1   | Noticed a seven-headed hydra
 11282 | Lair:1   | Killed a 12-headed hydra
 11861 | Lair:2   | Noticed Erica
 11872 | Lair:2   | Killed Erica
 11872 | Lair:2   | Reached skill level 10 in Armour
 11872 | Lair:2   | Reached XP level 13. HP: 76/89 MP: 13/13
 12176 | Lair:2   | Reached skill level 14 in Fighting
 12607 | Lair:3   | Found a staircase to the Snake Pit.
 13613 | Lair:4   | Found a staircase to the Swamp.
 13662 | Lair:4   | Found the +27 Lear's hauberk
 14235 | Lair:4   | Found an iron altar of Okawaru.
 14485 | Lair:5   | Reached skill level 15 in Fighting
 14485 | Lair:5   | Gained mutation: Your large and strong wings let you fly
                  | indefinitely. [Gargoyle growth]
 14485 | Lair:5   | Reached XP level 14. HP: 91/98 MP: 14/14
 14624 | Lair:5   | Reached ****** piety under Trog
 14706 | Lair:5   | Found a viscous altar of Jiyva.
 14707 | Lair:5   | Found a staircase to the Slime Pits.
 14760 | Lair:5   | Splashed by an oklob plant's acid

Levels and vault maps discovered:
D:1:      dpeg_arrival_water_fire, layout_loops_ring, minmay_pentomino_r2
D:2:      layout_basic, minmay_misc_feat_room
D:3:      layout_basic, gup_sewer_entry_pipe, kennysheep_generic_room_4
D:4:      layout_loops_ring
D:5:      layout_basic, first_ration
D:6:      layout_rooms, fedhas_altar_4, uniq_blork_the_orc
D:7:      layout_basic, minmay_temple_entry_enclosed_plants,
          nicolae_ossuary_entry_monument, grunt_ogre_cave, minivault_26,
          nemelex_lonely_heart_becter
D:8:      layout_basic
D:9:      layout_irregular_city, david_lair_generic, serial_shops,
          kennysheep_little_box, kennysheep_mini, shop_statue, shop, shop
D:10:     lemuel_slime, layout_loops_ring, nicolae_trove_entry_path_of_doom
D:11:     layout_roguey, orc_0_dummy, serial_shops, shop, gauntlet_entry_generic
Temple:   minmay_crystal_snake_temple
Lair:1:   layout_gridlike, st_stairs_10, grunt_megastairs_5
Lair:2:   layout_misc_corridors, grunt_megastairs_4, uniq_erica
Lair:3:   layout_cave_pods, minmay_snake_entry_guardpost_small, st_stairs_8,
          grunt_megastairs_3
Lair:4:   layout_loops_ring, swamp_mist, hangedman_lair_unloving_vines,
          chequers_serial_rivers_micro_a, chequers_serial_rivers_micro_a,
          lemuel_centaur_altar, lemuel_fruit_tree
Lair:5:   layout_gridlike, slime_altar_1, kilobyte_rumbling_trees,
          minmay_lair_oklob_chamber, grunt_megastairs_1

Skill      XL: |  1  2  3  4  5  6  7  8  9 10 11 12 13 14 |
---------------+-------------------------------------------+-----
Axes           | 3 4 5 6 9 10 11 12 13 | 13.0
Fighting       | 4 5 6 7 11 12 13 15 | 15.1
Dodging        | 2 3 5 6 7 8 |  8.6
Armour         | 3 4 5 7 8 9 10 11 | 11.0

Action                   |  1- 3 |  4- 6 |  7- 9 | 10-12 | 13-15 || total
-------------------------+-------+-------+-------+-------+-------++-------
Melee: Hand axe          |    95 |   270 |   151 |       |       ||   516
       War axe           |       |       |   274 |   219 |       ||   493
       Executioner's axe |       |       |       |   253 |   231 ||   484
Invok: Berserk           |     1 |     4 |     6 |     8 |     4 ||    23
       Trog's Hand       |       |     1 |     1 |     2 |     1 ||     5
 Abil: Fly               |       |       |       |       |     1 ||     1
  Use: Scroll            |       |       |    18 |    10 |     4 ||    32
       Potion            |       |       |     1 |       |       ||     1
 Stab: Sleeping          |     1 |       |       |       |       ||     1
  Eat: Chunk             |     2 |    10 |    20 |    23 |     9 ||    64
       Ration            |       |       |       |     1 |     1 ||     2
Armor: Animal skin       |    30 |     1 |       |       |       ||    31
       Plate armour      |       |   198 |   381 |   441 |   322 ||  1342
Dodge: Dodged            |    63 |   101 |   187 |   326 |   245 ||   922
